 Dungeon Crawl Stone Soup version 0.28.0-45-g0d030f2227 (webtiles) character file.

Game seed: 10209132073267596020

67 protoss039 the Chiller (level 3, 0/19 HPs)
             Began as a Deep Elf Ice Elementalist on Apr 4, 2022.
             Slain by an adder (1 damage)
             ... on level 4 of the Dungeon.
             The game lasted 00:03:28 (2036 turns).

protoss039 the Chiller (Deep Elf Ice Elementalist)  Turns: 2036, Time: 00:03:30

Health: 0/19       AC:  4    Str: 11    XL:     3   Next: 98%
Magic:  6/10       EV: 13    Int: 21    God:
Gold:   61         SH:  0    Dex: 15    Spells: 9/10 levels left

rFire   . . .      SeeInvis +   c - +2 hand axe (elec)
rCold   . . .      Faith    .   (no shield)
rNeg    . . .      Spirit   .   a - +0 robe
rPois   .          Reflect  .   e - +0 helmet
rElec   .          Harm     .   h - +0 cloak
rCorr   .          Rampage  .   (no gloves)
Will    .....                   (no boots)
Stlth   ++........              (no amulet)
HPRegen 0.06/turn               j - +6 ring of strength
MPRegen 0.12/turn               g - ring of see invisible

@: mighty, lethally poisoned (0 -> -7)
A: no striking features
a: no special abilities


You were on level 4 of the Dungeon.
You visited 1 branch of the dungeon, and saw 3 of its levels.

You collected 61 gold pieces.

Inventory:

Hand Weapons
 c - a +2 hand axe of electrocution (weapon)
Armour
 a - a +0 robe (worn)
 e - a +0 helmet (worn)
 h - a +0 cloak (worn)
Jewellery
 g - a ring of see invisible (right hand)
 j - a +6 ring of strength (left hand)
Scrolls
 f - a scroll of fear {unknown}
 i - 2 scrolls of identify {unknown}
 k - a scroll of amnesia {unknown}
 l - a scroll of teleportation {unknown}
Potions
 d - a potion of mutation {unknown}
 m - a potion of heal wounds {unknown}
 n - a potion of brilliance {unknown}


   Skills:
 - Level 3.0 Dodging
 - Level 3.0 Stealth
 + Level 4.1 Spellcasting
 + Level 5.2 Ice Magic


You had 9 spell levels left.
You knew the following spells:

 Your Spells              Type           Power      Damage    Failure   Level
a - Freeze                Ice            100%       1d11      1%          1

Your spell library contained the following spells:

 Spells                   Type           Power      Damage    Failure   Level
 Frozen Ramparts          Ice            52%        1d7       4%          3
 Ozocubu's Armour         Ice            26%        N/A       4%          3
 Tukima's Dance           Hex            4%         N/A       34%         3
 Hailstorm                Conj/Ice       15%        3d5       38%         4
 Passage of Golubria      Tloc           4%         N/A       75%         4
 Yara's Violent Unravell  Hex/Tmut       2%         3d3       97%         5


Dungeon Overview and Level Annotations

Branches:
Dungeon (2/15)

Altars:
Trog

Annotations:
D:4 Eustachio


Message History

Unknown command.
Unknown command.
You escape the ball python's grasp.
The adder bites you.
The giant cockroach completely misses you.
The ball python misses you. The ball python grabs you.
You stop ascending the stairs.
The ball python constricts you.
Unknown command.
You escape the ball python's grasp.
The adder bites you.
You are poisoned.
The adder poisons you! The giant cockroach closely misses you.
The adder bites you but does no damage.
The ball python bites you but does no damage.
The ball python grabs you.
You stop ascending the stairs.
The ball python constricts you.
Unknown command.
Unknown command.
Casting: Freeze (safe; 1% risk of failure)
Confirm with . or Enter, or press ? or * to list all spells.
Aiming: Freeze (safe; 1% risk of failure)
Press: ? - help, Shift-Dir - straight line, f - ball python, p - bullfrog skeleton
Aim: a ball python (constricting you)
You freeze the ball python.
You kill the ball python!
Eustachio shouts!
* * * LOW HITPOINT WARNING * * *
You feel sick.
You hear a shout!
The giant cockroach bites you.
* * * LOW HITPOINT WARNING * * *
The adder bites you.
* * * LOW HITPOINT WARNING * * *
You are more poisoned.
The adder poisons you! The giant cockroach barely misses you.
It was a potion of might.
You feel very mighty all of a sudden.
* * * LOW HITPOINT WARNING * * *
You feel sick.
The bullfrog skeleton closely misses you.
The adder bites you.
You die...

... # #.. #.###>. ##
. [.... . . .... . .
# #.@ .##.. #
#.S###..... # #.. .#
#..@....... # #....#
###ZB....[. # #.##.#
#.###.#..# # #.##.#
#........# #####
#.##.# ###.###.#..#
..[.# #.##.# #...#
#######.##.# #.#.#
...........# #.#.###.
#######.Z#.###.#.....


You could see Eustachio, an adder, a giant cockroach and a bullfrog skeleton.

Vanquished Creatures
  2 adders (D:2)
  3 dart slugs
  6 ball pythons
  5 endoplasms (D:1)
  A giant cockroach (D:1)
  A goblin (D:4)
  4 jackals
  4 kobolds
  5 quokkas
  6 bats
  A rat (D:1)
38 creatures vanquished.

Notes
Turn   | Place    | Note
-------+----------+-------------------------------------------
     0 | D:1      | protoss039 the Deep Elf Ice Elementalist began the quest
                  | for the Orb.
     0 | D:1      | Reached XP level 1. HP: 10/10 MP: 6/6
   324 | D:1      | Reached XP level 2. HP: 2/15 MP: 2/8
   719 | D:1      | Found a faded altar of an unknown god.
  1351 | D:2      | Reached XP level 3. HP: 19/19 MP: 7/9
  1506 | D:2      | Found a bloodstained altar of Trog.
  1514 | D:2      | Reached skill level 5 in Ice Magic
  1975 | D:2      | You fall into a shaft and drop 2 floors!
  2031 | D:4      | Noticed Eustachio
  2036 | D:4      | Slain by an adder

Illustrated notes

Levels and vault maps discovered:
D:1:      dpeg_arrival_orchard, layout_rooms, ebering_ecumenical_altar_box,
          minivault_19
D:2:      layout_loops_ring, basic_altar
D:4:      layout_basic, grunt_temple_overflow_diamond, uniq_eustachio

Skill      XL: |  1  2  3 |
---------------+----------+-----
Stealth        | 3 |  3.0
Dodging        | 3 |  3.0
Ice Magic      | 5 |  5.2
Spellcasting   | 4 |  4.1

Action                   || total
-------------------------++-------
Melee: Unarmed           ||     6
       Hand axe          ||    41
 Cast: Freeze            ||    34
  Use: Potion            ||     1
 Stab: Sleeping          ||     6
Armor: Robe              ||    25
Dodge: Dodged            ||    73
